 Dungeon Crawl Stone Soup version 0.30.0-13-g156ef70053 (webtiles) character file.

Game seed: 17020283081795413039

18 qdestroyer the Chopper (level 2, -2/27 HPs)
             Began as a Minotaur Berserker on May 18, 2023.
             Was a Follower of Trog.
             Slain by a gnoll
             ... wielding a +0 club
              (6 damage)
             ... on level 1 of the Dungeon.
             The game lasted 00:00:32 (298 turns).

qdestroyer the Chopper (Minotaur Berserker)          Turns: 298, Time: 00:00:33

Health: -2/27      AC:  2    Str: 21    XL:     2   Next: 48%
Magic:  1/1        EV: 12    Int:  4    God:    Trog [*.....]
Gold:   35         SH:  0    Dex:  9    Spells: 1/1 levels left

rFire   + . .        a - +0 hand axe
rCold   . . .        (no shield)
rNeg    . . .        b - +0 animal skin
rPois   .            (helmet restricted)
rElec   .            (no cloak)
rCorr   .            (no gloves)
SInv    .            (no boots)
Will    .....        (no amulet)
Stlth   +            c - ring of protection from fire
HPRegen 0.24/turn    (no ring)
MPRegen 0.07/turn

%: no passive effects
@: no status effects
A: horns 2, retaliatory headbutt
a: Renounce Religion, Berserk


You were on level 1 of the Dungeon.
You worshipped Trog.
Trog was aware of your devotion.
You visited 1 branch of the dungeon, and saw 1 of its levels.

You collected 35 gold pieces.

Inventory:

Hand Weapons
 a - a +0 hand axe (weapon)
Armour
 b - a +0 animal skin (worn)
Jewellery
 c - a ring of protection from fire (left hand)
Scrolls
 d - a scroll of noise {unknown}
 f - a scroll of teleportation {unknown}
 g - a scroll of blinking {unknown}
Potions
 e - a potion of might {unknown}


   Skills:
 + Level 4.1 Fighting
 + Level 4.2 Axes
 + Level 2.6 Armour
 - Level 2.1 Dodging


You had one spell level left.
You didn't know any spells.
Your spell library was empty.

Dungeon Overview and Level Annotations

Branches:
Dungeon (1/15)

Altars:


Innate Abilities, Weirdness & Mutations

You have a pair of horns on your head.
You reflexively headbutt those who attack you in melee.


Message History

A ball python comes into view.
The ball python hisses angrily.
A quokka comes into view.
The ball python moves out of view.
A quokka is nearby!
You closely miss the ball python. The ball python bites you.
The ball python grabs you. The ball python constricts you.
You barely miss the ball python. You hit the quokka.
You kill the quokka!
Trog accepts your kill. The ball python bites you.
The ball python constricts you.
You hit the ball python but do no damage.
The ball python bites you. The ball python constricts you.
The ball python bites you. The ball python constricts you.
You hit the ball python.
You kill the ball python!
Trog accepts your kill.
No target in view!
A gnoll comes into view. It is wielding a +0 club.
The gnoll shouts!
A gnoll is nearby!
A gnoll is nearby!
A gnoll is nearby!
The gnoll hits you with a +0 club.
You closely miss the gnoll. You headbutt the gnoll.
The gnoll is moderately wounded.
The gnoll hits you with a +0 club!
You barely miss the gnoll.
The gnoll is moderately wounded.
The gnoll hits you with a +0 club.
You are too injured to fight recklessly!
You are too injured to fight recklessly!
You hit the gnoll.
The gnoll is moderately wounded.
The gnoll hits you with a +0 club.
* * * LOW HITPOINT WARNING * * *
You closely miss the gnoll.
The gnoll is moderately wounded.
The gnoll hits you with a +0 club.
You die...

#.##.#
#.##.#
#..#.#
#.##.#
...#.#
#.#
#.#
#.#
#@#
#g#
#.#
#.#
#.#
#.#
#.#
...


You could see a gnoll.

Vanquished Creatures
  A dart slug (D:1)
  2 ball pythons (D:1)
  2 bats (D:1)
  2 endoplasms (D:1)
  4 goblins (D:1)
  A quokka (D:1)
  A frilled lizard (D:1)
  A rat (D:1)
14 creatures vanquished.

Notes
Turn   | Place    | Note
-------+----------+-------------------------------------------
     0 | D:1      | qdestroyer the Minotaur Berserker began the quest for the
                  | Orb.
     0 | D:1      | Reached XP level 1. HP: 19/19 MP: 0/0
    89 | D:1      | Reached XP level 2. HP: 23/27 MP: 1/1
   298 | D:1      | Slain by a gnoll

Illustrated notes

Levels and vault maps discovered:
D:1:      lightli_arrival_quake, layout_basic

Skill      XL: |  1  2 |
---------------+-------+-----
Axes           | 4 |  4.2
Fighting       | 4 |  4.1
Armour         | |  2.6
Dodging        | |  2.1

Action                     || total
---------------------------++-------
  Melee: Hand axe          ||    35
         Headbutt          ||     2
 Armour: Animal skin       ||     7
  Dodge: Dodged            ||     9
